 Dungeon Crawl Stone Soup version 0.26-a0-438-g4b1dca4f87 (webtiles) character file.

Game seed: 2356254542941089175

220 Misa the Magician (level 5, -1/28 HPs)
             Began as a Deep Elf Fire Elementalist on July 26, 2020.
             Killed from afar by Pikel (11 damage)
             ... with an iceblast
             ... on level 3 of the Dungeon.
             The game lasted 00:10:22 (4679 turns).

Misa the Magician (Deep Elf Fire Elementalist)      Turns: 4679, Time: 00:10:22

Health: -1/28      AC:  6    Str:  5    XL:     5   Next: 64%
Magic:  14/14      EV: 28    Int: 21    God:
Gold:   5          SH:  0    Dex: 15    Spells: 13/14 levels left

rFire    . . .     SeeInvis .   g - +0 dagger (venom)
rCold    + . .     Faith    .   (no shield)
rNeg     . . .     Spirit   .   e - +2 robe {rC+}
rPois    .         Reflect  .   n - +1 helmet
rElec    .         Harm     .   (no cloak)
rCorr    .                      (no gloves)
MR       .....                  (no boots)
Stlth    ++........             u - amulet of the acrobat
HPRegen  0.09/turn              (no ring)
MPRegen  0.14/turn              (no ring)

@: acrobat
A: no striking features
a: no special abilities


You were on level 3 of the Dungeon.
You visited 1 branch of the dungeon, and saw 4 of its levels.

You collected 101 gold pieces.
You spent 96 gold pieces at shops.

Inventory:

Hand Weapons
 g - a +0 dagger of venom (weapon)
Missiles
 i - 4 atropa-tipped darts (quivered)
Armour
 e - a +2 robe of cold resistance (worn)
 n - a +1 helmet (worn)
Jewellery
 u - an amulet of the acrobat (around neck)
Scrolls
 b - a scroll of enchant armour
 d - 4 scrolls of teleportation
 f - 5 scrolls of identify
 j - a scroll of magic mapping
 q - a scroll of enchant weapon {unknown}
 w - a scroll of fear
Potions
 c - 2 potions of magic {unknown}
 h - a potion of brilliance {unknown}
 k - 4 potions of curing {unknown}
 l - 3 potions of haste {unknown}
 s - a potion of heal wounds {unknown}
 t - 2 potions of might {unknown}
 v - a potion of mutation {unknown}


   Skills:
 - Level 2.4 Dodging
 - Level 2.4 Stealth
 + Level 5.2 Spellcasting
 + Level 3.5 Conjurations
 + Level 4.9 Fire Magic


You had 13 spell levels left.
You knew the following spells:

 Your Spells              Type           Power        Failure   Level
a - Foxfire               Conj/Fire      ###.         1%          1

Your spell library contained the following spells:

 Spells                   Type           Power        Failure   Level
 Conjure Flame            Conj/Fire      ###.....     5%          3
 Corona                   Hex            #......      11%         1
 Inner Flame              Hex/Fire       ###.....     12%         3
 Ensorcelled Hibernation  Hex/Ice        #.....       16%         2
 Dazzling Flash           Conj/Hex       ##....       16%         3
 Sticky Flame             Conj/Fire      ###.....     19%         4
 Confusing Touch          Hex            #.......     32%         3
 Tukima's Dance           Hex            #.......     32%         3
 Fireball                 Conj/Fire      ###.......   45%         5


Dungeon Overview and Level Annotations

Branches:
Dungeon (4/15)
 Temple: D:4-7

Altars:
Elyvilon

Shops:
D:4 !*}

Annotations:
D:3 exclusion: downstairs, Pikel
D:4 Edmund


Message History

There is a stone staircase leading up here.
You start resting.
Pikel is nearby!
There is a stone staircase leading up here.
Casting: Foxfire (safe; 1% risk of failure)
Confirm with . or Enter, or press ? or * to list all spells.
You conjure some foxfire!
The foxfire hits Pikel but does no damage. x2
Pikel closely misses you.
You climb upwards.
Level annotation: exclusion: downstairs
There is a stone staircase leading down here.
You aren't carrying any items that you can evoke.
Pikel says, "I just want to get paid!"
Pikel zaps a wand.
The mass of ice explodes!
The iceblast engulfs you!! You partially resist.
Ouch! That really hurt!
Pikel zaps a wand.
The mass of ice explodes!
The iceblast engulfs you! You partially resist.
You die...

...........# #.....#.......##
.#######'#.#######.#..##..#......
..#......#.........#..#...#.##.##
#.#.######..#####..#..#..##.##.#
+..............##..#....[##....#
#.#.##...<#.##.##..#.....#######
.......##.#.##'##..#...[.###
#.#.##.##.#........###.....#
....##.##.#.....@..K....[..#
.....#.##.#......####......#
..##.#.##.#..............###
.....#.........=.####.#..#######
.......##.#....######...>#.....##
..........).....................#
.......#.#################......#
######.#.......# #####......#
.......#'#####.# #..........#


You could see Pikel.

Vanquished Creatures
  A lemure (D:3)
  2 orc wizards (D:3)
  A worker ant (D:2)
  Robin (D:2)
  2 adders
  3 oozes
  A worm (D:3)
  2 dart slugs (D:3)
  3 leopard geckos
  8 orcs
  6 giant cockroaches
  12 goblins
  4 hobgoblins
  7 jackals
  17 kobolds
  3 quokkas
  4 bats
  3 frilled lizards
  8 rats
88 creatures vanquished.

Vanquished Creatures (others)
  A quokka (D:3)
  358 foxfires
359 creatures vanquished.

Grand Total: 447 creatures vanquished

Notes
Turn   | Place    | Note
-------+----------+-------------------------------------------
     0 | D:1      | Misa the Deep Elf Fire Elementalist began the quest for the
                  | Orb.
     0 | D:1      | Reached XP level 1. HP: 10/10 MP: 6/6
   177 | D:1      | Reached XP level 2. HP: 15/15 MP: 4/8
  1141 | D:1      | Reached XP level 3. HP: 19/19 MP: 5/10
  1446 | D:2      | Noticed Robin
  1536 | D:2      | Killed Robin
  1536 | D:2      | Reached skill level 4 in Spellcasting
  1854 | D:2      | Reached XP level 4. HP: 17/24 MP: 7/12
  3106 | D:3      | Found a white marble altar of Elyvilon.
  3120 | D:3      | Reached XP level 5. HP: 28/28 MP: 4/14
  3347 | D:3      | Reached skill level 5 in Spellcasting
  4052 | D:4      | Noticed Edmund
  4073 | D:4      | Found Juhuuce's Assorted Antiques.
  4084 | D:4      | Bought an embroidered robe for 96 gold pieces
  4108 | D:4      | Found Aphytit's Gadget Boutique.
  4137 | D:4      | Found Sogair's Distillery.
  4143 | D:4      | Noticed Pikel
  4143 | D:4      | Noticed a lemure
  4143 | D:4      | Noticed a lemure
  4144 | D:4      | Noticed a lemure
  4144 | D:4      | Noticed a lemure
  4324 | D:3      | Killed a lemure
  4679 | D:3      | Killed from afar by Pikel

Illustrated notes

Levels and vault maps discovered:
D:1:      eino_arrival_tree_alley, layout_basic
D:2:      layout_basic, uniq_robin
D:3:      layout_basic, elyvilon_altar_4
D:4:      layout_basic, serial_shops, shop, nicolae_shop_behind_doors, shop,
          chequers_serial_rivers_micro_e, sigmund_army, uniq_pikel,
          uniq_crazy_yiuf_cottage, uniq_edmund

Skill      XL: |  1  2  3  4  5 |
---------------+----------------+-----
Conjurations   | 2 3 |  3.5
Spellcasting   | 4 5 |  5.2
Fire Magic     | 4 |  4.9
Dodging        | |  2.4
Stealth        | |  2.4

Action                   |  1- 3 |  4- 6 || total
-------------------------+-------+-------++-------
Melee: Dagger            |    17 |     4 ||    21
 Cast: Foxfire           |   102 |   132 ||   234
  Use: Scroll            |       |     8 ||     8
 Stab: Sleeping          |     2 |       ||     2
Armor: Robe              |     6 |     6 ||    12
Dodge: Dodged            |    16 |    25 ||    41

Table legend: (Time is in decaauts)
 A = Elapsed time spent in this place.
 B = Non-inter-level travel time spent in this place.
 C = Inter-level travel time spent in this place.
 D = Time resting spent in this place.
 E = Time spent auto-exploring this place.
 F = Levels seen in this place.
 G = Mean time per level.
                   A        B        C        D        E       F      G
               +--------+--------+--------+--------+--------+-----+--------+
         Total |   4682 |   4516 |    166 |   1245 |   2391 |   4 | 1170.5 |
       Dungeon |   4682 |   4516 |    166 |   1245 |   2391 |   4 | 1170.5 |
               +--------+--------+--------+--------+--------+-----+--------+

Top non-repeatable levels by time:
     D:1: 1531 daAuts
     D:3: 1447 daAuts
     D:2: 1250 daAuts
     D:4: 453 daAuts
